 Dungeon Crawl Stone Soup version 0.30.1 (webtiles) character file.

Game seed: 7786119006024154195

30 Sabo the Trooper (level 3, 29/29 HPs)
             Began as a Demonspawn Monk on July 1, 2023.
             Got out of the dungeon alive.
             The game lasted 00:05:06 (1190 turns).

Sabo the Trooper (Demonspawn Monk)                  Turns: 1190, Time: 00:05:07

Health: 29/29      AC:  8    Str: 13    XL:     3   Next: 3%
Magic:  3/3        EV:  7    Int: 11    God:
Gold:   52         SH:  0    Dex: 15    Spells: 2/2 levels left

rFire   . . .        a - +0 hand axe
rCold   . . .        d - orb {light}
rNeg    . . .        i - +0 chain mail
rPois   .            (no helmet)
rElec   .            (no cloak)
rCorr   .            (no gloves)
SInv    .            (no boots)
Will    .....        (no amulet) Stlth
                     (no ring)
HPRegen 0.24/turn    (no ring)
MPRegen 0.08/turn

%: no passive effects
@: glowing
A: claws 1, hooves 1
a: no special abilities


You escaped.
You visited 1 branch of the dungeon, and saw 2 of its levels.

You collected 52 gold pieces.

Inventory:

Hand Weapons
 a - a +0 hand axe (weapon)
Armour
 d - an orb of light (worn)
 i - a +0 chain mail (worn)
Wands
 g - a wand of flame (12)
Scrolls
 f - a scroll of fear {unknown}
 h - a scroll of enchant armour {unknown}
 j - a scroll of identify {unknown}
Potions
 b - a potion of lignification {unknown}
 c - a potion of ambrosia
 e - 2 potions of curing {unknown}


   Skills:
 + Level 3.4 Fighting
 + Level 3.2 Axes
 + Level 0.1 Armour
 + Level 3.0 Dodging


You had 2 spell levels left.
You didn't know any spells.
Your spell library contained the following spells:

 Spells                   Type           Power      Damage    Failure   Level
 Scorch                   Fire           0%         2d5       100%        2
 Flame Wave               Conj/Fire      0%         2d4       100%        4
 Summon Cactus Giant      Summ           0%         N/A       100%        6


Dungeon Overview and Level Annotations

Branches:
Dungeon (2/15)

Altars:


Innate Abilities, Weirdness & Mutations

You have sharp fingernails.
You have large cloven feet.


Message History

There is an open door here.
The rat barely misses you.
You hit the rat.
You kill the rat!
g - a wand of flame (12)
A goblin comes into view. It is wielding a +0 dagger.
Found 5 gold pieces.
You hit the goblin.
You kill the goblin!
You have reached level 3!
Your experience leads to an increase in your attributes!
Increase (S)trength, (I)ntelligence, or (D)exterity?
You feel stronger. x2; Your demonic ancestry asserts itself...
Your fingernails lengthen.
You see here a +0 dagger.
A hobgoblin comes into view.
The hobgoblin barely misses you.
You hit the hobgoblin. You kick the hobgoblin.
You kill the hobgoblin!
Your Dodging skill increases to level 3!
You see here a hobgoblin corpse.
Found 11 gold pieces.
You now have 52 gold pieces (gained 5).
Found a pair of gloves and 10 gold pieces.
Found an inky potion.
e - 2 inky potions (gained 1);
j - a scroll labelled COYDOIHEJU You open the door.
There is an open door here.
There is an escape hatch in the ceiling here.
You can't go down here!
A mysterious force pulls you upwards. The hatch slams shut behind you.
There is a shaft here.
You see here a +0 club.
Found a leather armour.
You see here a +0 leather armour.
There is an open gate here.
There is a staircase leading out of the dungeon here.
You can't go down here!
Are you sure you want to leave the Dungeon?
This will make you lose the game!
You have escaped!

.## #######.# #.# #.# ##
..###.......# #.# #.# ##.
......####### #.# #.# #.#
..##### #.# #.# #.# .## ##.#
#.# #.# .#
#..#####.##########. .#
#.##[...........# ## ##
################.##.##
#......@......##.#...###
#.............##.#......
#######...#####...###[#...###
## #.....#...##
##...###.##.##
.####.######...#
#...##.......# ....#.#
#...###...#....##..# .#....#
##...#...###.####..# ......#
#...#...#...# #..# .....##
###.....###### #..#


There were no monsters in sight!

Vanquished Creatures
  A dart slug (D:1)
  A bat (D:2)
  3 endoplasms (D:1)
  3 giant cockroaches
  5 goblins
  3 hobgoblins
  A kobold (D:1)
  2 ball pythons (D:1)
  5 rats
24 creatures vanquished.

Notes
Turn   | Place    | Note
-------+----------+-------------------------------------------
     0 | D:1      | Sabo the Demonspawn Monk began the quest for the Orb.
     0 | D:1      | Reached XP level 1. HP: 18/18 MP: 1/1
   330 | D:1      | Discovered your monstrous ancestry.
   330 | D:1      | Gained mutation: You have large cloven feet. [demonic
                  | ancestry]
   330 | D:1      | Reached XP level 2. HP: 19/24 MP: 2/2
  1011 | D:2      | Gained mutation: You have sharp fingernails. [demonic
                  | ancestry]
  1011 | D:2      | Reached XP level 3. HP: 29/29 MP: 3/3
  1190 | D:$      | Got out of the dungeon alive.

Illustrated notes

Levels and vault maps discovered:
D:1:      lemuel_arrival_funnel, layout_loops_ring, serial_park_tiny_1
D:2:      layout_loops_corners, hellmonk_ecumenical_altar_watching_god

Skill      XL: |  1  2  3 |
---------------+----------+-----
Axes           | 3 |  3.2
Dodging        | 3 |  3.0
Fighting       | |  3.4
Armour         | |  0.1

Action                     || total
---------------------------++-------
  Melee: Hand axe          ||    54
         Kick              ||    10
    Use: Scroll            ||     1
 Armour: Robe              ||     2
         Chain mail        ||     9
         Ring mail         ||     3
  Dodge: Dodged            ||    22
